 Dungeon Crawl Stone Soup version 0.30-a0-385-gfebfb9b408 (webtiles) character file.

Game seed: 4443972222263509771

101 PyroL the Grave Robber (level 4, -1/30 HPs)
             Began as a Demonspawn Necromancer on Dec 2, 2022.
             Slain by an adder (3 damage)
             ... in a sewer.
             The game lasted 00:05:25 (2329 turns).

PyroL the Grave Robber (Demonspawn Necromancer)     Turns: 2329, Time: 00:05:25

Health: -1/30      AC:  2    Str:  8    XL:     4   Next: 48%
Magic:  6/9        EV: 12    Int: 18    God:
Gold:   142        SH:  0    Dex: 14    Spells: 5/9 levels left

rFire   . . .      SeeInvis .    j - +0 spear
rCold   . . .      Faith    .    (no shield)
rNeg    . . .      Spirit   .    a - +0 robe
rPois   .          Reflect  .    (helmet restricted)
rElec   .          Harm     .    (no cloak)
rCorr   .          Rampage  .    (no gloves)
Will    .....                    (no boots)
Stlth   +.........               (no amulet)
HPRegen 0.25/turn                (no ring)
MPRegen 0.11/turn                (no ring)

@: lethally poisoned (-1 -> -6), very slow
A: claws 1, horns 2
a: no special abilities


You were in a sewer.
You visited 1 branch of the dungeon, and saw 3 of its levels.
You also visited: Sewer.

You collected 142 gold pieces.

Inventory:

Hand Weapons
 e - a +1 dagger of flaming
 j - a +0 spear (weapon)
Armour
 a - a +0 robe (worn)
Scrolls
 c - 2 scrolls of teleportation
 d - a scroll of butterflies
 f - a scroll of poison {unknown}
 h - a scroll of enchant armour
 i - a scroll of enchant weapon {unknown}
 k - a scroll of amnesia {unknown}
 l - a scroll of identify
Potions
 b - a potion of magic


   Skills:
 - Level 1.7 Dodging
 - Level 1.7 Stealth
 + Level 3.4 Spellcasting
 + Level 5.5 Necromancy


You had 5 spell levels left.
You knew the following spells:

 Your Spells              Type           Power      Damage    Failure   Level
a - Necrotise             Necr           92%        1d8       1%          1
b - Vampiric Draining     Necr           23%        2d7       4%          3

Your spell library contained the following spells:

 Spells                   Type           Power      Damage    Failure   Level
 Animate Dead             Necr           23%        N/A       16%         4
 Agony                    Necr           23%        N/A       41%         5


Dungeon Overview and Level Annotations

Branches:
Dungeon (3/15)              Sewer (1/1)

Altars:
Cheibriados

Annotations:
D:2 Sigmund


Innate Abilities, Weirdness & Mutations

You have sharp fingernails.
You have a pair of horns on your head.


Message History

You feel sick. The adder bites you.
* * * LOW HITPOINT WARNING * * *
Casting: Necrotise (safe; 1% risk of failure)
Confirm with . or Enter, or press ? or * to list all spells.
Aiming: Necrotise (safe; 1% risk of failure)
Press: ? - help, Shift-Dir - straight line, f/p - adder
Aim: an adder (lightly wounded, chance to affect: 87%)
The adder writhes in agony.
You feel sick. The adder bites you.
* * * LOW HITPOINT WARNING * * *
Sorry, you're not good enough to have a special ability.
You miss the adder.
The adder is severely wounded.
You feel sick.
You are no longer poisoned.
The adder barely misses you. The river rat barely misses you.
The adder bites you.
* * * LOW HITPOINT WARNING * * *
You are lethally poisoned!
The adder poisons you!
You feel much better.
You feel sick. The river rat bites you!
* * * LOW HITPOINT WARNING * * *
The adder bites you.
* * * LOW HITPOINT WARNING * * *
You are more poisoned.
The adder poisons you!
Sorry, you're not good enough to have a special ability.
Magic courses through your body.
You feel sick. The adder barely misses you. The river rat bites you!
* * * LOW HITPOINT WARNING * * *
Casting: Necrotise (safe; 1% risk of failure)
Confirm with . or Enter, or press ? or * to list all spells.
Aiming: Vampiric Draining (dangerous; 4% risk of failure)
Press: ? - help, Shift-Dir - straight line, f - river rat, p - adder
Aim: a river rat (water)
You draw life force from the river rat!
You feel life coursing into your body.
* * * LOW HITPOINT WARNING * * *
You feel sick. The adder barely misses you. The river rat bites you.
* * * LOW HITPOINT WARNING * * *
The adder bites you.
You die...

.∩∩..#
##......#
.....#
#......#
..~~.#
#...~.##
≈~≈≈~#
#~≈~~~~#
~~≈≈≈#
#≈~~≈≈≈#
~≈~≈≈#
#≈~~~Z≈#
≈≈~≈≈#
#≈≈≈r~≈#
≈~~≈≈#
#≈≈≈S#~#
≈≈~~≈#
#≈≈≈r@≈#
≈~≈≈≈#
#≈≈≈~~~#
.~≈≈≈#
#≈≈≈≈≈~#
~~#~≈#
#≈≈≈#≈.#
≈#~.≈#
#≈≈≈~~~#
≈~~≈≈#
#≈≈≈≈~≈#
≈~~≈≈#
#≈≈≈#~≈#
≈~~~≈#
#≈≈~~≈~#
≈~~≈≈#
#≈≈≈~~≈#


You could see an adder, a river rat and a rat.

Vanquished Creatures
  An adder (Sewer)
  3 river rats (Sewer)
  A worm (D:2)
  A dart slug (D:1)
  A bat (D:3)
  2 endoplasms
  A giant cockroach (D:3)
  6 goblins
  5 hobgoblins
  4 kobolds
  4 quokkas
  3 ball pythons
  A frilled lizard (D:1)
  13 rats
46 creatures vanquished.

Vanquished Creatures (collateral kills)
  A river rat (Sewer)
  2 ball pythons (Sewer)
  2 frilled lizards
  3 rats (Sewer)
8 creatures vanquished.

Vanquished Creatures (others)
  2 plants (D:2)
2 creatures vanquished.

Grand Total: 56 creatures vanquished

Notes
Turn   | Place    | Note
-------+----------+-------------------------------------------
     0 | D:1      | PyroL the Demonspawn Necromancer began the quest for the
                  | Orb.
     0 | D:1      | Reached XP level 1. HP: 13/13 MP: 3/3
   388 | D:1      | Discovered your monstrous ancestry.
   388 | D:1      | Gained mutation: You have a pair of small horns on your
                  | head. [demonic ancestry]
   388 | D:1      | Reached XP level 2. HP: 19/19 MP: 1/5
  1297 | D:2      | Noticed Sigmund
  1308 | D:1      | Reached skill level 5 in Necromancy
  1310 | D:1      | Gained mutation: You have sharp fingernails. [demonic
                  | ancestry]
  1310 | D:1      | Reached XP level 3. HP: 1/24 MP: 2/7
  1545 | D:2      | Found a snail-covered altar of Cheibriados.
  1621 | D:3      | Learned a level 3 spell: Vampiric Draining
  2019 | D:3      | Found a glowing drain.
  2052 | Sewer    | Entered a sewer
  2162 | Sewer    | Gained mutation: You have a pair of horns on your head.
                  | [demonic ancestry]
  2162 | Sewer    | Reached XP level 4. HP: 2/30 MP: 1/8
  2175 | Sewer    | HP: 1/30 [river rat (5)]
  2329 | Sewer    | Slain by an adder

Illustrated notes

Levels and vault maps discovered:
D:1:      onia_arrival_mini_maze_b, layout_loops_cross,
          chequers_serial_rivers_marsh, chequers_serial_rivers_large_a,
          serial_bayou_lagoon_a
D:2:      layout_rooms, basic_altar, guppyfry_early_lair_pool, uniq_sigmund
D:3:      layout_loops_ring, gup_sewer_entry_bowl, uniq_crazy_yiuf_cottage
Sewer:    sewer_minmay_w

Skill      XL: |  1  2  3 |
---------------+----------+-----
Necromancy     | 5 |  5.5
Spellcasting   | 3 |  3.4
Dodging        | |  1.7
Stealth        | |  1.7

Action                   |  1- 3 |  4- 6 || total
-------------------------+-------+-------++-------
Melee: Dagger            |    19 |       ||    19
       Headbutt          |     6 |       ||     6
       Spear             |    31 |    11 ||    42
 Cast: Necrotise         |    57 |    11 ||    68
       Vampiric Draining |       |     2 ||     2
  Use: Scroll            |     4 |       ||     4
       Potion            |     1 |     2 ||     3
 Stab: Sleeping          |     1 |     1 ||     2
Armor: Robe              |     7 |     7 ||    14
Dodge: Dodged            |    46 |    19 ||    65

Table legend: (Time is in decaauts)
 A = Elapsed time spent in this place.
 B = Non-inter-level travel time spent in this place.
 C = Inter-level travel time spent in this place.
 D = Time resting spent in this place.
 E = Time spent auto-exploring this place.
 F = Levels seen in this place.
 G = Mean time per level.
                   A        B        C        D        E       F      G
               +--------+--------+--------+--------+--------+-----+--------+
         Total |   2387 |   2294 |     93 |    279 |   1545 |   4 |  596.8 |
       Dungeon |   2089 |   1996 |     93 |    149 |   1477 |   3 |  696.3 |
         Sewer |    298 |    298 |      0 |    130 |     68 |   1 |  298.0 |
               +--------+--------+--------+--------+--------+-----+--------+

Top non-repeatable levels by time:
     D:1: 1392 daAuts
     D:3: 456 daAuts
   Sewer: 298 daAuts
     D:2: 239 daAuts
